 Dungeon Crawl Stone Soup version 0.29.1-15-g9cfb28693d (webtiles) character file.

Game seed: 8675265804042793824

80 redmage the Digger (level 4, -2/33 HPs)
             Began as a Meteoran Earth Elementalist on Sept 11, 2023.
             Shot with an arrow by a centaur (8 damage)
             ... on level 4 of the Dungeon.
             The game lasted 00:03:40 (247 turns).

redmage the Digger (Meteoran Earth Elementalist)     Turns: 247, Time: 00:03:41

Health: -2/33      AC:  2    Str: 10    XL:     4   Next: 98%
Magic:  10/10      EV: 12    Int: 18    God:
Gold:   44         SH:  0    Dex: 14    Spells: 4/10 levels left

rFire   . . .      SeeInvis .   (no weapon)
rCold   . . .      Faith    .   (no shield)
rNeg    . . .      Spirit   .   a - +0 robe
rPois   .          Reflect  .   (no helmet)
rElec   .          Harm     .   (no cloak)
rCorr   .          Rampage  .   (no gloves)
Will    .....                   (no boots)
Stlth   +.........              (no amulet)
HPRegen 0.11/turn               (no ring)
MPRegen 0.12/turn               (no ring)

@: glowing
A: sense surroundings 1, otherworldly, glowing, explore regen
a: no special abilities


You were on level 4 of the Dungeon.
You visited 1 branch of the dungeon, and saw 5 of its levels.

You collected 44 gold pieces.

Inventory:

Armour
 a - a +0 robe (worn)
Scrolls
 d - a scroll of amnesia {unknown}
 g - a scroll of torment {unknown}
Potions
 b - a potion of magic
 c - 2 potions of heal wounds {unknown}
 e - a potion of haste {unknown}
 f - a potion of might {unknown}
 h - a potion of resistance {unknown}


   Skills:
 - Level 2.4 Dodging
 - Level 1.4 Stealth
 + Level 3.9 Spellcasting
 * Level 2.4 Conjurations
 - Level 1.2 Transmutations
 + Level 4.6 Earth Magic


You had 4 spell levels left.
You knew the following spells:

 Your Spells              Type           Power      Damage    Failure   Level
a - Sandblast             Erth           40%        2d10      2%          1
b - Passwall              Tmut/Erth      11%        N/A       7%          2
c - Stone Arrow           Conj/Erth      32%        3d9       11%         3

Your spell library contained the following spells:

 Spells                   Type           Power      Damage    Failure   Level
 Summon Small Mammal      Summ           12%        N/A       16%         1
 Ensorcelled Hibernation  Hex/Ice        6%         N/A       22%         2
 Call Canine Familiar     Summ           3%         N/A       41%         3
 Summon Guardian Golem    Hex/Summ       3%         N/A       41%         3
 Swiftness                Air            3%         N/A       41%         3
 Petrify                  Tmut/Erth      14%        N/A       41%         4


Dungeon Overview and Level Annotations

Branches:
Dungeon (5/15) Zot: 2739
 Temple: D:4-7

Altars:


Innate Abilities, Weirdness & Mutations

You passively map a small area around you.
You are easily found by Zot.
You glow in the dark.
You regain HP and MP as you explore.


Message History

A goblin comes into view. It is wielding a +0 club.
The goblin shouts!
Casting: Sandblast (safe; 2% risk of failure)
Confirm with . or Enter, or press ? or * to list all spells.
Aiming: Sandblast (safe; 2% risk of failure)
Press: ? - help, Shift-Dir - straight line, f - goblin
Aim: a goblin, wielding a +0 club (79% to hit)
The blast of sand misses the goblin.
Unknown command.
Casting: Sandblast (safe; 2% risk of failure)
Confirm with . or Enter, or press ? or * to list all spells.
Aiming: Sandblast (safe; 2% risk of failure)
Press: ? - help, Shift-Dir - straight line, f/p - goblin
Aim: a goblin, wielding a +0 club (79% to hit)
The blast of sand hits the goblin!
You kill the goblin!
Unknown command.
You see here a +0 club.
Found a shiny golden ring.
A centaur comes into view.
The centaur shouts!
The centaur wields a +0 shortbow.
The centaur shoots an arrow.
The arrow hits you.
The centaur shoots an arrow.
The arrow hits you!
The centaur shoots an arrow.
The arrow barely misses you.
The centaur shoots an arrow.
The arrow closely misses you.
Casting: Sandblast (safe; 2% risk of failure)
Confirm with . or Enter, or press ? or * to list all spells.
Okay, then.
The centaur shoots an arrow.
The arrow hits you!
* * * LOW HITPOINT WARNING * * *
Casting: Sandblast (safe; 2% risk of failure)
Confirm with . or Enter, or press ? or * to list all spells.
Aiming: Sandblast (safe; 2% risk of failure)
Press: ? - help, Shift-Dir - straight line, f - centaur
Aim: a centaur, wielding a +0 shortbow (90% to hit)
The blast of sand hits the centaur!
The centaur is heavily wounded.
The centaur shoots an arrow.
The arrow hits you!
You die...

,. #.. * #.. * * *
### , * ##.. * ## ,
####..# * *#.
###..).## , ,, #. *
###...####
..##.#.#######...###
#..c...@...........#
.....#####~≈≈~~###.#
* ###, * #≈###≈#*
...* , ..~≈~≈~..
.... *,
*#..~≈#≈~......## ,
,....~≈#≈~.### ## *
=....~≈#≈~## ,
*###..~≈≈≈≈#


You could see a centaur.

Vanquished Creatures
  A necrophage (D:4)
  An adder (D:2)
  An orc (D:3)
  3 endoplasms
  3 goblins
  A kobold (D:2)
  A ball python (D:4)
  2 bats (D:2)
  2 rats
15 creatures vanquished.

Notes
Turn   | Place    | Note
-------+----------+-------------------------------------------
     0 | D:1      | redmage the Meteoran Earth Elementalist began the quest for
                  | the Orb.
     0 | D:1      | Reached XP level 1. HP: 14/14 MP: 5/5
    61 | D:2      | Reached skill level 4 in Earth Magic
    61 | D:2      | Reached XP level 2. HP: 6/20 MP: 2/7
    72 | D:2      | Learned a level 2 spell: Passwall
   132 | D:2      | Reached XP level 3. HP: 18/26 MP: 4/8
   136 | D:2      | Learned a level 3 spell: Stone Arrow
   195 | D:4      | Noticed a necrophage
   198 | D:4      | Killed a necrophage
   199 | D:4      | Reached XP level 4. HP: 33/33 MP: 6/10
   217 | D:5      | Entered Level 5 of the Dungeon
   217 | D:5      | Noticed a wight
   217 | D:5      | Noticed a wight
   217 | D:5      | Noticed a wight
   243 | D:4      | Noticed a centaur
   247 | D:4      | Shot with an arrow by a centaur

Illustrated notes

Levels and vault maps discovered:
D:1:      dpeg_arrival_water_fire, layout_basic,
          dreamdust_ecumenical_altar_sealed_demon
D:2:      layout_loops_ring, minmay_tetromino_o2
D:3:      layout_basic, mainiacjoe_overflow_boulevard, uniq_crazy_yiuf_cottage,
          uniq_jessica
D:4:      layout_rooms, minmay_crystal_water
D:5:      cheibrodos_fertilizer, layout_loops_ring, nicolae_uskayaw_en_pointe,
          marbit_many_paths, serial_shops, shop, shop,
          nicolae_shop_hallway_plus, shop_fountains, nicolae_square_shop,
          uniq_duvessa

Skill      XL: |  1  2  3 |
---------------+----------+-----
Spellcasting   | 3 |  3.9
Earth Magic    | 4 |  4.6
Conjurations   | 2 |  2.4
Dodging        | |  2.4
Stealth        | |  1.4
Transmutations | |  1.2

Action                   |  1- 3 |  4- 6 || total
-------------------------+-------+-------++-------
Melee: Unarmed           |     1 |       ||     1
 Cast: Sandblast         |    20 |     6 ||    26
       Passwall          |     1 |       ||     1
Armor: Robe              |     1 |       ||     1
Dodge: Dodged            |     3 |     3 ||     6
